 Dungeon Crawl Stone Soup version 0.29.1-15-g9cfb28693d (webtiles) character file.

Game seed: 3192946616444548198

71 vishdafish the Conjurer (level 4, 30/30 HPs)
             Began as a Demonspawn Conjurer on Mar 29, 2023.
             Quit the game on level 2 of the Dungeon.
             The game lasted 00:01:57 (2172 turns).

vishdafish the Conjurer (Demonspawn Conjurer)       Turns: 2172, Time: 00:01:58

Health: 30/30      AC:  4    Str:  7    XL:     4   Next: 5%
Magic:  8/8        EV: 12    Int: 21    God:
Gold:   59         SH:  0    Dex: 12    Spells: 8/9 levels left

rFire   . . .      SeeInvis .   d - +0 war axe
rCold   . . .      Faith    .   (no shield)
rNeg    + . .      Spirit   .   a - +0 robe
rPois   .          Reflect  .   (no helmet)
rElec   .          Harm     .   (no cloak)
rCorr   .          Rampage  .   (no gloves)
Will    .....                   (no boots)
Stlth   ++........              (no amulet)
HPRegen 0.10/turn               h - ring of positive energy
MPRegen 0.11/turn               (no ring)

@: no status effects
A: hooves 1, molten scales 1, spiny 1
a: no special abilities


You were on level 2 of the Dungeon.
You visited 1 branch of the dungeon, and saw 2 of its levels.

You collected 59 gold pieces.

Inventory:

Hand Weapons
 d - a +0 war axe (weapon)
Armour
 a - a +0 robe (worn)
Jewellery
 h - a ring of positive energy (left hand)
Scrolls
 e - a scroll of poison {unknown}
 g - a scroll of enchant armour {unknown}
 j - 4 scrolls of identify {unknown}
Potions
 b - a potion of magic
 c - a potion of heal wounds
 f - a potion of brilliance {unknown}
 i - 2 potions of flight {unknown}


   Skills:
 - Level 2.0 Dodging
 - Level 2.0 Stealth
 + Level 3.0 Spellcasting
 + Level 4.8 Conjurations


You had 8 spell levels left.
You knew the following spells:

 Your Spells              Type           Power      Damage    Failure   Level
a - Magic Dart            Conj           92%        1d7       1%          1

Your spell library contained the following spells:

 Spells                   Type           Power      Damage    Failure   Level
 Searing Ray              Conj           46%        2d6       2%          2
 Dazzling Flash           Conj/Hex       26%        N/A       16%         3
 Fulminant Prism          Conj/Hex       6%         3d7       45%         4
 Iskenderun's Mystic Bla  Conj/Tloc      13%        2d5       45%         4


Dungeon Overview and Level Annotations

Branches:
Dungeon (2/15)

Altars:


Innate Abilities, Weirdness & Mutations

You have large cloven feet.
You are partially covered in molten scales. (AC +2)
You are partially covered in sharp spines.


Message History

Press: ? - help, Q - select action Shift-Dir - straight line, f/p - worm
Aim: a worm (moderately wounded, 100% to hit)
The magic dart hits the worm.
The worm is severely wounded.
Aiming: Magic Dart (safe; 1% risk of failure)
Press: ? - help, Q - select action Shift-Dir - straight line, f/p - worm
Aim: a worm (severely wounded, 100% to hit)
The magic dart hits the worm.
The worm is almost dead.
Aiming: Magic Dart (safe; 1% risk of failure)
Press: ? - help, Q - select action Shift-Dir - straight line, f/p - worm
Aim: a worm (severely wounded, 100% to hit)
The magic dart hits the worm!
You kill the worm!
Your Spellcasting skill increases to level 3!
You see here a worm corpse.
j - a scroll labelled HIJ KU ITAAWOKK
j - 4 scrolls labelled HIJ KU ITAAWOKK (gained 3)
Found 9 stones.
A rat comes into view.
Found 3 poisoned darts.
A rat is nearby!
A rat is nearby!
A rat is nearby!
An adder comes into view.
The adder hisses angrily.
The magic dart hits the rat.
You kill the rat!
The magic dart hits the adder.
The adder is heavily wounded.
The magic dart hits the adder but does no damage.
The adder is heavily wounded.
The magic dart hits the adder.
You kill the adder!
You have reached level 4!
You feel agile.
Your demonic ancestry asserts itself...
Sharp spines emerge from parts of your body.
Found a stone staircase leading down.
Found a stone staircase leading up.
Are you sure you want to abandon this character and quit the game? (Confirm with "yes".)

........♣....#
.......♣..P###
........(P.#.#
......###....#
....(.# ###..#
####### ##.##
######..#
#.......####
#.........@#
#......###.......<
#......# ##.!.....
#......# .......
#.###... ...###.
.. .... .>.# ##..
...# #.. ....


There were no monsters in sight!

Vanquished Creatures
  2 adders (D:2)
  A worm (D:2)
  4 dart slugs
  2 endoplasms (D:1)
  A giant cockroach (D:1)
  5 hobgoblins
  4 jackals (D:1)
  A quokka (D:1)
  4 ball pythons
  2 bats
  5 frilled lizards
  2 goblins (D:1)
  5 kobolds
  6 rats
44 creatures vanquished.

Vanquished Creatures (others)
  2 fungi (D:1)
  6 plants
8 creatures vanquished.

Grand Total: 52 creatures vanquished

Notes
Turn   | Place    | Note
-------+----------+-------------------------------------------
     0 | D:1      | vishdafish the Demonspawn Conjurer began the quest for the
                  | Orb.
     0 | D:1      | Reached XP level 1. HP: 13/13 MP: 3/3
    62 | D:1      | Found a faded altar of an unknown god.
   305 | D:1      | Gained mutation: You have large cloven feet. [demonic
                  | ancestry]
   305 | D:1      | Reached XP level 2. HP: 19/19 MP: 3/5
   842 | D:1      | Gained mutation: You are partially covered in molten
                  | scales. (AC +2) [demonic ancestry]
   842 | D:1      | Reached XP level 3. HP: 24/24 MP: 4/6
  2112 | D:2      | Gained mutation: You are partially covered in sharp spines.
                  | [demonic ancestry]
  2112 | D:2      | Reached XP level 4. HP: 30/30 MP: 3/8
  2172 | D:2      | Quit the game

Illustrated notes

Levels and vault maps discovered:
D:1:      psy_arrival_heroes, layout_basic, dreamdust_ecumenical_altar_grove,
          chequers_serial_rivers_micro_a, dreamdust_princess_corridor
D:2:      layout_basic, serial_forest, infiniplex_forest_clump_diagonal,
          infiniplex_forest_clump_double, infiniplex_forest_clump_cross,
          infiniplex_forest_split, infiniplex_forest_zigzag_1,
          infiniplex_forest_lined_corner, infiniplex_forest_corner_1,
          minmay_indecisive_spiral

Skill      XL: |  1  2  3 |
---------------+----------+-----
Stealth        | 2 |  2.0
Dodging        | 2 |  2.0
Spellcasting   | 3 |  3.0
Conjurations   | |  4.8

Action                   |  1- 3 |  4- 6 || total
-------------------------+-------+-------++-------
Melee: War axe           |    50 |       ||    50
       Unarmed           |     4 |       ||     4
       Kick              |    10 |       ||    10
 Cast: Magic Dart        |    67 |       ||    67
  Use: Potion            |     1 |       ||     1
Armor: Robe              |    22 |       ||    22
Dodge: Dodged            |    69 |       ||    69
